cohdb
Replays
Latest Replays
All Replays
Popular Replays
Top Player Replays
Match Explorer
How It Works
Community
CoH3 Stats
Reddit
Sign in to upload your games and track your stats! →
Sign in with Steam
Match 32583630
Unlisted
Match 32583630
Overview
Messages
Build Orders
End
Kettenkrad Recon Vehicle
Construct Infanterie Kompanie
Grenadier Squad
Selects Breakthrough Battlegroup
Selects Assault Grenadiers
Grenadier Squad
Grenadier Squad
MG 42 Machine Gun Team
Construct Panzergrenadier Kompanie
Pak 40 Anti-tank Gun Team
Selects Smoke Bombing Run
Selects Mechanized Assault Group
Mechanized Assault Group
Mechanized Assault Group
Construct Panzer Kompanie
Kettenkrad Recon Vehicle
Pioneer Squad
Panzer IV Medium Tank
Kettenkrad Recon Vehicle
Pioneer Squad
Kettenkrad Recon Vehicle
Smoke Bombing Run
Stoßtruppen Squad
Selects 2.5-tonne Cargo Truck
2.5-tonne Cargo Truck
Selects Blitzkrieg
Selects Tiger Heavy Tank
MaXiS
Slymanx
0
0
Comments
sign in to comment!
No comments posted yet!